 Dungeon Crawl Stone Soup version 0.30-a0-373-gd37427bb62 (webtiles) character file.

Game seed: 13181168053688269034

3821 purpskrrrp the Grappler (level 9, 0/92 HPs)
             Began as a Troll Monk on Nov 24, 2022.
             Was a High Priest of Cheibriados.
             Slain by Grum
             ... wielding a +1 spear
              (11 damage)
             ... on level 8 of the Dungeon.
             The game lasted 00:11:20 (5540 turns).

purpskrrrp the Grappler (Troll Monk)                Turns: 5540, Time: 00:11:21

Health: 0/92       AC:  8    Str: 36    XL:     9   Next: 97%
Magic:  12/12      EV: 11    Int: 23    God:    Cheibriados [*****.]
Gold:   438        SH:  0    Dex: 23    Spells: 8/8 levels left

rFire   . . .      SeeInvis .      - Unarmed
rCold   . . .      Faith    .    (no shield)
rNeg    . . .      Spirit   .    v - +0 acid dragon scales
rPois   .          Reflect  .    (helmet restricted)
rElec   .          Harm     .    (no cloak)
rCorr   +          Rampage  .    (gloves unavailable)
Will    .....                    (boots unavailable)
Stlth   ++........               (no amulet)
HPRegen 1.15/turn                f - +6 ring of intelligence
MPRegen 0.13/turn                (no ring)

@: lethally poisoned (0 -> -1), very slow
A: large, unfitting armour, claws 3, regeneration 1, shaggy fur 1, tough skin 1
a: Renounce Religion, Bend Time, Temporal Distortion, Slouch, Step From Time


You were on level 8 of the Dungeon.
You worshipped Cheibriados.
Cheibriados was extremely pleased with you.
You visited 1 branch of the dungeon, and saw 8 of its levels.

You collected 438 gold pieces.

Inventory:

Armour
 a - a +1 robe
 v - +0 acid dragon scales (worn)
Jewellery
 f - a +6 ring of intelligence (left claw)
 u - a +6 ring of dexterity
Wands
 c - a wand of flame (39)
 d - a wand of polymorph (12)
 l - a wand of digging (5)
 p - a wand of mindburst (19)
 q - a wand of roots (22)
Scrolls
 g - a scroll of teleportation
 t - a scroll of enchant armour
 w - a scroll of magic mapping
Potions
 b - a potion of ambrosia
 e - a potion of flight
 h - 5 potions of curing
 i - 2 potions of degeneration {unknown}
 j - 3 potions of attraction
 k - a potion of lignification
 m - a potion of cancellation
 n - a potion of resistance
 o - a potion of heal wounds
 r - a potion of brilliance {unknown}
 s - a potion of might {unknown}


   Skills:
 + Level 6.5 Fighting
 - Level 2.4 Dodging
 - Level 1.0 Stealth
 * Level 10.8 Unarmed Combat
 + Level 6.2 Invocations


You had 8 spell levels left.
You didn't know any spells.
Your spell library contained the following spells:

 Spells                   Type           Power      Damage    Failure   Level
 Apportation              Tloc           0%         N/A       19%         1
 Necrotise                Necr           0%         1d4       19%         1
 Sting                    Tmut/Pois      0%         1d3       19%         1
 Summon Small Mammal      Summ           0%         N/A       19%         1
 Ensorcelled Hibernation  Hex/Ice        0%         N/A       26%         2
 Passwall                 Tmut/Erth      0%         N/A       26%         2
 Poisonous Vapours        Pois/Air       0%         N/A       26%         2
 Call Canine Familiar     Summ           0%         N/A       47%         3
 Summon Guardian Golem    Hex/Summ       0%         N/A       47%         3
 Swiftness                Air            0%         N/A       47%         3
 Vampiric Draining        Necr           0%         2d6       47%         3
 Olgreb's Toxic Radiance  Pois           0%         N/A       87%         4
 Agony                    Necr           0%         N/A       99%         5


Dungeon Overview and Level Annotations

Branches:
Dungeon (8/15)             Temple (0/1) D:6
   Lair: D:8-11

Altars:
Cheibriados
Elyvilon
Ru
Sif Muna
Wu Jian
Xom
The Shining One

Shops:
D:3 *   D:6 (

Annotations:
D:7 2 runed translucent doors
D:8 Erica, Grum


Innate Abilities, Weirdness & Mutations

You are too large for most types of armour.
You have claws for hands.
Your natural rate of healing is unusually fast.
You are covered in fur. (AC +1)
You have tough skin. (AC +1)


Message History

Erica the Fiery-Tempered comes into view.
She is wielding a +4 scimitar of flaming and carrying a wand of charming (11).
Erica shouts!
Grum growls angrily.
The water moccasin hisses angrily.
The orc hits you with a +0 whip. The orc completely misses you.
The steam dragon breathes steam at you.
The ball of steam hits the orc!
The orc dies!
The ball of steam hits you!!
Items here: ))) [[[ †.
You miss the killer bee.
You are engulfed in a cloud of scalding steam.
The howler monkey howls!
The killer bee is engulfed in a cloud of scalding steam.
The killer bee stings you.
You are poisoned.
The killer bee poisons you!
The howler monkey hoots and howls with incredible vigour!
You hear an angry buzzing noise.
The howler monkey howls!
You scratch the killer bee.
The killer bee is lightly wounded.
You are engulfed in a cloud of scalding steam.
* * * LOW HITPOINT WARNING * * *
You feel sick.
The killer bee is engulfed in a cloud of scalding steam.
The killer bee stings you but does no damage.
The killer bee is engulfed in a cloud of scalding steam.
The killer bee stings you.
* * * LOW HITPOINT WARNING * * *
You mangle the killer bee!!
You kill the killer bee!
Cheibriados thoroughly appreciates the change of pace.
You are engulfed in a cloud of scalding steam.
* * * LOW HITPOINT WARNING * * *
You feel sick.
You are engulfed in a cloud of scalding steam.
* * * LOW HITPOINT WARNING * * *
You feel sick. The killer bee closely misses you. The killer bee stings you.
* * * LOW HITPOINT WARNING * * *
Grum hits you from afar with a +1 spear!
You die...

.h......##. #.#.
....g##..... #..
...... ....h###.#
#...Fh#.#######
#.hy..........
##.#@.D######
#....gF# .
#..###y######...$
...# #D@§........
#..# ######...###
... ...# #. #...
##


You could see Erica, Grum, 2 steam dragons, a wolf, 2 bullfrogs, 2 howler
monkeys and 2 killer bees.

Vanquished Creatures
  Joseph (D:7)
  Psyche (D:7)
  5 yaks
  Eustachio (D:4)
  A steam dragon (D:7)
  Menkaure (D:4)
  An acid dragon (D:8)
  2 black bears
  An ice beast (D:5)
  A sky beast (D:6)
  An orc warrior (D:8)
  2 ogres
  A wolf (D:8)
  A phantom (D:5)
  2 kobold brigands (D:7)
  A gnoll sergeant (D:7)
  3 scorpions
  2 bullfrogs
  A necrophage (D:6)
  3 killer bees (D:8)
  An electric eel (D:7)
  3 howler monkeys (D:7)
  2 jellies (D:7)
  A lava snake (D:7)
  2 hounds
  2 orc priests
  5 iguanas
  2 orc wizards (D:8)
  Robin (D:4)
  5 adders
  A gnoll (D:7)
  2 ufetubi (D:6)
  A worm (D:5)
  3 dart slugs
  17 orcs
  2 ball pythons (D:2)
  4 endoplasms
  3 giant cockroaches
  11 goblins
  7 hobgoblins
  2 jackals (D:4)
  7 kobolds
  3 quokkas
  2 bats
  A frilled lizard (D:1)
  3 rats
125 creatures vanquished.

Vanquished Creatures (others)
  An orc (D:8)
1 creature vanquished.

Grand Total: 126 creatures vanquished

Notes
Turn   | Place    | Note
-------+----------+-------------------------------------------
     0 | D:1      | purpskrrrp the Troll Monk began the quest for the Orb.
     0 | D:1      | Reached XP level 1. HP: 22/22 MP: 0/0
   117 | D:1      | Reached XP level 2. HP: 29/29 MP: 1/1
   140 | D:1      | You fall into a shaft and drop 1 floor!
   384 | D:2      | Reached XP level 3. HP: 36/36 MP: 2/2
   937 | D:3      | Reached skill level 4 in Unarmed Combat
  1129 | D:3      | Found a shimmering blue altar of Sif Muna.
  1129 | D:3      | Found a sacrificial altar of Ru.
  1186 | D:3      | Found a snail-covered altar of Cheibriados.
  1273 | D:3      | Found an ornate altar of the Wu Jian Council.
  1333 | D:3      | Found Echalorph's General Store.
  1776 | D:3      | Became a worshipper of Cheibriados the Contemplative
  1776 | D:3      | Reached * piety under Cheibriados
  1776 | D:3      | Reached ** piety under Cheibriados
  1836 | D:4      | Noticed Menkaure
  1841 | D:4      | Killed Menkaure
  1842 | D:4      | Reached skill level 1 in Invocations
  1842 | D:4      | Reached XP level 4. HP: 43/45 MP: 3/3
  1842 | D:4      | Reached XP level 5. HP: 51/53 MP: 4/4
  1853 | D:4      | Found a white marble altar of Elyvilon.
  1945 | D:4      | Noticed Eustachio
  1968 | D:4      | Killed Eustachio
  1969 | D:4      | Reached skill level 5 in Unarmed Combat
  1969 | D:4      | Reached XP level 6. HP: 31/61 MP: 4/6
  2057 | D:4      | Found a shimmering altar of Xom.
  2150 | D:4      | Noticed Robin
  2155 | D:4      | Killed Robin
  2300 | D:5      | Entered Level 5 of the Dungeon
  2310 | D:5      | Reached skill level 6 in Unarmed Combat
  2466 | D:5      | Reached XP level 7. HP: 63/70 MP: 6/8
  2780 | D:5      | Found a glowing golden altar of the Shining One.
  2884 | D:5      | Reached *** piety under Cheibriados
  2993 | D:6      | Found Zohal's Weapon Emporium.
  3001 | D:6      | Found a staircase to the Ecumenical Temple.
  3021 | D:6      | Reached skill level 7 in Unarmed Combat
  3192 | D:6      | Reached XP level 8. HP: 51/79 MP: 9/9
  3696 | D:7      | Reached skill level 8 in Unarmed Combat
  3743 | D:7      | Reached skill level 5 in Fighting
  3748 | D:7      | Noticed Joseph
  3766 | D:7      | Killed Joseph
  3811 | D:7      | Reached **** piety under Cheibriados
  3975 | D:7      | Reached skill level 9 in Unarmed Combat
  4082 | D:7      | Reached XP level 9. HP: 71/88 MP: 11/11
  4101 | D:7      | Reached skill level 5 in Invocations
  4315 | D:7      | Found a large runed translucent door.
  4316 | D:7      | Found a large runed translucent door.
  5193 | D:8      | Noticed Psyche
  5221 | D:7      | Killed Psyche
  5222 | D:7      | Reached skill level 10 in Unarmed Combat
  5512 | D:8      | Noticed Grum
  5514 | D:8      | Reached ***** piety under Cheibriados
  5536 | D:8      | Noticed Erica
  5540 | D:8      | Slain by Grum

Illustrated notes

Levels and vault maps discovered:
D:1:      minmay_arrival_radiant_lines, layout_loops_ring, minmay_statues_item,
          minmay_misc_feat_square
D:2:      layout_loops_cross, minmay_unequal
D:3:      layout_basic, nzn_wu_jian_contemplation,
          mainiacjoe_overflow_divided_tiny, mainiacjoe_overflow_paths,
          serial_shops, shop
D:4:      layout_rooms, elyvilon_altar_1, xom_teletrap_fun, uniq_menkaure,
          uniq_robin, uniq_eustachio
D:5:      layout_rooms, tso_altar
D:6:      layout_rooms, minmay_temple_entry_mist, serial_shops,
          nicolae_shop_waterfront, st_stairs_1, kennysheep_generic_room_13
D:7:      layout_layer_cave, jmf_multi_god_temple2, enter_bailey_1,
          nicolae_concentric_dashed_squares_mild, kennysheep_big_empty_room,
          nicolae_lava_and_water, st_stairs_11, corexii_item_surrounded_by_moat,
          nrook_mini_backslash, minivault_5, small_statue_intersection,
          uniq_joseph
D:8:      layout_rooms, uniq_psyche, uniq_erica, uniq_grum

Skill      XL: |  1  2  3  4  5  6  7  8  9 |
---------------+----------------------------+-----
Unarmed Combat | 4 5 6 7 9 10 | 10.8
Fighting       | 3 4 5 6 |  6.5
Invocations    | 1 2 3 4 6 |  6.2
Dodging        | |  2.4
Stealth        | |  1.0

Action                   |  1- 3 |  4- 6 |  7- 9 || total
-------------------------+-------+-------+-------++-------
Melee: Unarmed           |    61 |    72 |   182 ||   315
       Punch             |     2 |     1 |     7 ||    10
  Use: Scroll            |    10 |       |    10 ||    20
       Potion            |       |     1 |     4 ||     5
 Stab: Sleeping          |     2 |     1 |     3 ||     6
       Distracted        |     1 |       |       ||     1
Armor: Robe              |    15 |    26 |    53 ||    94
       Skin              |       |     5 |       ||     5
       Acid dragon scale |       |       |    15 ||    15
Dodge: Dodged            |    24 |    31 |   108 ||   163

Table legend: (Time is in decaauts)
 A = Elapsed time spent in this place.
 B = Non-inter-level travel time spent in this place.
 C = Inter-level travel time spent in this place.
 D = Time resting spent in this place.
 E = Time spent auto-exploring this place.
 F = Levels seen in this place.
 G = Mean time per level.
                   A        B        C        D        E       F      G
               +--------+--------+--------+--------+--------+-----+--------+
         Total |   7268 |   6894 |    374 |    608 |   5283 |   8 |  908.5 |
       Dungeon |   7268 |   6894 |    374 |    608 |   5283 |   8 |  908.5 |
               +--------+--------+--------+--------+--------+-----+--------+

Top non-repeatable levels by time:
     D:7: 2459 daAuts
     D:6: 1035 daAuts
     D:5: 988 daAuts
     D:3: 864 daAuts
     D:2: 785 daAuts
     D:4: 703 daAuts
     D:8: 292 daAuts
     D:1: 139 daAuts
